Map: At Eternity's Edge LE

Players

DnS

  • Race: Protoss Protoss

A.I. 2 (Very Easy) - Winner!

  • Race: Terran Terran

VOD

Have the link to the VOD?

Description

Time

  • Played on: Nov. 15, 2026, 11:47 a.m.
  • Length: 18:16
Show
View Real Time Build Order
Export as new Build Order

DnS Protoss 

Build Orders: 1 Gate Expand, Blink Stalkers 

Get SALT Encoding   

  12  0:00  Probe  
  13  0:12  Probe  
  14  0:18  Pylon  
  14  0:24  Probe (Chrono Boost)  
  15  0:37  Probe (Chrono Boost), Gateway  
  16  0:45  Probe (Chrono Boost), Assimilator  
  17  0:51  Probe  
  18  1:03  Probe  
  19  1:15  Probe  
  20  1:25  Cybernetics Core  
  20  1:33  Nexus  
  20  1:36  Probe  
  21  1:42  Pylon  
  21  1:48  Probe  
  21  1:51  Assimilator  
  22  2:00  Probe, Stalker (Chrono Boost)  
  23  2:05  Warp Gate  
  25  2:12  Probe  
  26  2:22  Sentry  
  26  2:25  Probe  
  29  2:37  Probe (Chrono Boost)  
  29  2:43  Twilight Council  
  30  2:45  Probe (Chrono Boost)  
  30  2:49  Probe (Chrono Boost)  
  30  2:51  Stalker  
  34  2:54  Probe (Chrono Boost)  
  34  2:56  Probe (Chrono Boost)  
  36  2:59  Probe (Chrono Boost)  
  36  3:03  Probe  
  38  3:11  Probe  
  39  3:13  Gateway  
  39  3:15  Probe  
  39  3:18  Gateway  
  39  3:19  Blink (Chrono Boost)  
  40  3:23  Probe  
  41  3:28  Probe  
  42  3:35  Probe  
  42  3:37  Robotics Facility, Pylon  
  42  3:40  Probe  
  44  3:48  Probe  
  45  3:52  Probe  
  46  3:59  Nexus  
  46  4:05  Probe x2, Pylon  
  48  4:12  Pylon  
  49  4:17  Probe x2  
  49  4:23  Stalker x3  
  56  4:24  Observer  
  56  4:29  Probe x2  
  59  4:33  Assimilator  
  59  4:41  Probe x2  
  61  4:53  Probe x2  
  63  5:04  Charge (Chrono Boost)  
  63  5:05  Probe x2  
  63  5:07  Forge  
  65  5:08  Gateway  
  65  5:10  Gateway x2  
  65  5:12  Probe  
  66  5:17  Gateway, Probe x2  
  66  5:18  Gateway  
  68  5:24  Observer  
  68  5:25  Probe  
  68  5:28  Pylon  
  70  5:29  Probe  
  70  5:35  Robotics Bay  
  71  5:37  Pylon, Probe x2  
  71  5:38  Zealot x3  
  71  5:41  Immortal (Chrono Boost)  
  83  5:52  Protoss Ground Weapons Level 1  
  83  5:53  Assimilator  
  83  5:55  Pylon  
  83  5:56  Pylon  
  82  6:05  Zealot x6  
  94  6:18  Colossus (Chrono Boost)  
  94  6:20  Zealot x2  
  104  6:30  Nexus, Pylon  
  104  6:44  Extended Thermal Lance  
  104  6:47  Zealot x6  
  104  6:50  Zealot x2  
  120  7:12  Forge  
  120  7:14  Gateway  
  120  7:15  Gateway  
  120  7:17  Probe x3  
  123  7:41  Colossus  
  129  7:49  Probe x3  
  129  7:50  Probe  
  133  7:52  Gateway x2  
  133  7:53  Gateway  
  133  8:06  Stalker x3  
  133  8:09  Protoss Ground Armor Level 1 (Chrono Boost)  
  133  8:11  Protoss Ground Weapons Level 2 (Chrono Boost)  
  139  8:12  Pylon  
  139  8:13  Pylon  
  139  8:14  Pylon  
  139  8:15  Pylon  
  139  8:29  Photon Cannon  
  139  8:30  Shield Battery  
  139  8:33  Colossus (Chrono Boost)  
  139  8:36  Nexus  
  139  8:38  Pylon  
  145  9:26  Zealot x7  
  145  9:27  Zealot x6  
  171  10:33  Zealot x12  
  195  10:42  Protoss Ground Armor Level 2  
  195  10:43  Protoss Ground Weapons Level 3  
  195  14:53  Gateway  
  195  14:54  Gateway  
  195  14:55  Gateway  
  187  17:30  Pylon  
  187  17:37  Pylon  
  184  17:44  Pylon  
  184  17:47  Pylon  
  184  17:53  Pylon  
  184  18:02  Pylon  
Show
View Real Time Build Order
Export as new Build Order

A.I. 2 (Very Easy) Terran - Winner!

Build Orders: Reaper Expand 

Get SALT Encoding   

  12  0:00  SCV  
  13  0:13  SCV  
  14  0:18  Supply Depot  
  14  0:41  Barracks  
  14  1:02  Command Center  
  14  1:27  Marine  
  14  1:30  Orbital Command, Supply Depot  
  15  1:36  Refinery  
  15  1:47  Refinery  
  15  1:56  SCV  
  16  2:08  SCV  
  17  2:14  Reaper, SCV  
  18  2:21  SCV  
  20  2:28  SCV  
  21  2:35  SCV  
  22  2:42  SCV  
  22  2:44  Refinery  
  23  2:50  SCV  
  24  2:57  SCV  
  25  3:03  Marine  
  25  3:04  SCV  
  27  3:11  SCV  
  28  3:17  Factory  
  28  3:18  SCV  
  29  3:40  Refinery  
  29  3:42  SCV  
  30  3:50  SCV  
  30  3:51  Marine  
  30  3:52  Supply Depot  
  32  3:57  SCV  
  33  4:04  SCV  
  33  4:06  Starport  
  34  4:11  Barracks Tech Lab  
  34  4:12  SCV  
  35  4:19  SCV  
  36  4:26  SCV  
  36  4:30  Supply Depot  
  37  4:33  SCV  
  38  4:40  Marauder, SCV  
  38  4:44  Starport Tech Lab  
  41  4:48  SCV  
  42  4:55  SCV  
  43  5:02  SCV  
  43  5:03  Raven  
  46  5:09  SCV  
  47  5:16  SCV  
  48  5:27  Marine  
  49  5:37  Raven  
  49  5:42  SCV  
  51  6:15  Marine  
  52  7:03  Marauder  
  54  7:22  SCV  
  54  10:20  Marine  
  45  10:51  Marine  
  45  10:52  Medivac  
  45  10:53  Supply Depot  
  47  11:15  Marine  
  48  11:19  Supply Depot  
  48  11:22  Command Center, Medivac  
  49  11:39  Marine  
  50  11:52  Raven  
  52  12:03  Factory Tech Lab  
  52  12:21  Siege Tank  
  55  12:34  SCV  
  56  12:43  Refinery  
  56  12:48  Refinery  
  56  12:53  Siege Tank  
  59  15:04  Widow Mine  
  61  15:16  Marine  
  62  15:34  Marine  
  63  15:43  Widow Mine  
  63  15:55  Marine  
  64  16:13  Marine  
  65  16:30  Marine  
Tags
 
Add a new tag
Caveats
  • Supply blocks, unpowered buildings, or Contaminate may cause inaccurate times.
  • Supply counts are checked every 10 seconds.